 Dungeon Crawl Stone Soup version 0.30.1-9-gdf580d7c3d (webtiles) character file.

Game seed: 13441559361109849537

25 lonewolfV2 the Trooper (level 2, -2/36 HPs)
             Began as a Demonspawn Fighter on Oct 26, 2023.
             Slain by Sigmund
             ... wielding a +2 scythe of venom
              (10 damage)
             ... on level 2 of the Dungeon.
             The game lasted 00:01:27 (1043 turns).

lonewolfV2 the Trooper (Demonspawn Fighter)         Turns: 1043, Time: 00:01:27

Health: -2/36      AC: 21    Str: 13 (16) XL:     2   Next: 82%
Magic:  2/2        EV:  2    Int:  8 (9)  God:
Gold:   99         SH:  4    Dex: 11 (12) Spells: 1/1 levels left

rFire   + . .        a - +0 war axe
rCold   + . .        c - +0 buckler
rNeg    . . .        b - melded +0 scale mail
rPois   +            (helmet currently unavailable)
rElec   +            (cloak currently unavailable)
rCorr   +            (gloves currently unavailable)
SInv    .            (boots currently unavailable)
Will    .....        (no amulet)
Stlth   +            (no ring)
HPRegen 0.26/turn    (no ring)
MPRegen 0.08/turn

%: no passive effects
@: mighty, agile, lethally poisoned (-2 -> -6), tree-form, resistant
A: stationary, stasis, torment immunity, boosted hp, powered by pain 1, (horns
1)
a: no special abilities


You were on level 2 of the Dungeon.
You were a tree.
You visited 1 branch of the dungeon, and saw 2 of its levels.

You collected 99 gold pieces.

Inventory:

Hand Weapons
 a - a +0 war axe (weapon)
Armour
 b - a +0 scale mail (melded)
 c - a +0 buckler (worn)
Scrolls
 i - a scroll of identify
Potions
 e - a potion of resistance


   Skills:
 - Level 3.0 Fighting
 - Level 1.7 Axes
 + Level 3.0 Armour
 * Level 1.8 Dodging
 - Level 2.6 Shields


You had one spell level left.
You didn't know any spells.
Your spell library was empty.

Dungeon Overview and Level Annotations

Branches:
Dungeon (2/15)

Altars:

Shops:
D:1 =

Annotations:
D:2 Sigmund


Innate Abilities, Weirdness & Mutations

You are a tree.
Your roots penetrate the ground, keeping you stationary.
You cannot be teleported.
You are immune to unholy pain and torment.
Your maximum health is greatly increased.
Your equipment is partially melded.
You sometimes gain a little power by taking damage.
((You have a pair of small horns on your head.))


Message History

You feel very sick.
Sigmund casts a spell.
Sigmund flickers and vanishes!
Deactivating autopickup; reactivate with Ctrl-A.
You feel less confused.
You feel very sick. Something hits you!
* * * LOW HITPOINT WARNING * * *
You focus on the pain.
You feel agile all of a sudden.
It was a potion of heal wounds.
You feel much better.
You feel sick.
You miss something.
You feel sick. Something hits you but does no damage.
You slash something!
You feel sick. Something barely misses you.
You barely miss something.
You feel sick.
You hear some strange, mumbled words.
Something tries to affect you, but you resist.
You hear some strange, mumbled words.
Something tries to affect you, but you resist.
You miss something.
You feel sick. Something hits you!
You are more poisoned.
You completely miss something.
* * * LOW HITPOINT WARNING * * *
You feel very sick.
You hear some strange, mumbled words.
Something tries to affect you, but you resist.
It was a potion of lignification.
You turn into a tree.
Your +0 scale mail melds into your body.
Your roots penetrate the ground.
You feel sick. Something completely misses you.
It was a potion of degeneration.
There was something very wrong with that liquid.
You feel weakened.
You feel dopey.
You feel clumsy.
You feel sick.
You hear some strange, mumbled words.
A magic dart appears from out of thin air!
The magic dart hits you but does no damage.
It was a potion of mutation.
You feel extremely strange. A pair of horns grows on your head!
You feel sick. Something hits you!
You die...

#.##...#.#.#....#
##.#.............# ##
##.#.#.........<..#
#...###.###.#.########.##
#....## ##..# #####.####
#...###.###.#.#
#........# ## ##.#.##'##
#.###.##.#### ##.##.{.##
#........ ###..♣..#
#.....### #.......#
#..#...##
#......[...###.......#
+.....................
#....................#
##.......#####..#...##
##.....## #....)...
##...## #####.### #.#


There were no monsters in sight!

Vanquished Creatures
  A worm (D:2)
  A dart slug (D:1)
  4 endoplasms
  3 goblins
  2 kobolds (D:1)
  A quokka (D:2)
  2 ball pythons (D:1)
  2 bats (D:1)
  2 frilled lizards (D:1)
18 creatures vanquished.

Notes
Turn   | Place    | Note
-------+----------+-------------------------------------------
     0 | D:1      | lonewolfV2 the Demonspawn Fighter began the quest for the
                  | Orb.
     0 | D:1      | Reached XP level 1. HP: 18/18 MP: 1/1
   153 | D:1      | Reached skill level 1 in Dodging
   154 | D:1      | Gained mutation: You sometimes gain a little power by
                  | taking damage. [demonic ancestry]
   154 | D:1      | Reached XP level 2. HP: 22/24 MP: 2/2
   378 | D:1      | Found Offiymir's Jewellery Emporium.
  1022 | D:2      | Noticed Sigmund
  1043 | D:2      | Gained mutation: You have a pair of small horns on your
                  | head. [potion of mutation]
  1043 | D:2      | Slain by Sigmund

Illustrated notes

Levels and vault maps discovered:
D:1:      elethiomel_arrival_shortcut, layout_rooms, serial_corexii_hall,
          chequers_hall_statues_wall_a, corexii_hall_statues_x,
          chequers_hall_statues_corner_a, corexii_hall_statues_i, serial_shops,
          shop, minmay_shallow_snake_nest
D:2:      layout_loops_corners, serial_shops, nicolae_square_shop, uniq_sigmund

Skill      XL: |  1  2 |
---------------+-------+-----
Dodging        | 1 |  1.8
Armour         | 3 |  3.0
Fighting       | |  3.0
Axes           | |  1.7
Shields        | |  2.6

Action                     || total
---------------------------++-------
  Melee: War axe           ||    57
    Use: Potion            ||     6
         Scroll            ||     3
 Armour: Scale mail        ||    32
         Skin              ||     1
  Dodge: Dodged            ||    36
  Block: Buckler           ||    13
